 Dungeon Crawl Stone Soup version 0.20-a0-984-ge8aa303 (webtiles) character file.

278 Leszczynek the Ruffian (level 6, 51/53 HPs)
             Began as an Ogre Summoner on Apr 10, 2017.
             Quit the game on level 4 of the Dungeon.
             The game lasted 00:08:47 (1579 turns).

Leszczynek the Ruffian (Ogre Summoner)              Turns: 1579, Time: 00:08:48

Health: 51/53      AC:  4    Str: 13    XL:     6   Next: 26%
Magic:  9/9        EV: 10    Int: 16    God:
Gold:   101        SH:  0    Dex: 11    Spells: 3/9 levels left

rFire    + . .     SeeInvis .   a - +2 dagger (venom)
rCold    + . .     Gourm    .   (no shield)
rNeg     . . .     Faith    .   g - +0 robe
rPois    .         Spirit   .   t - +1 hat
rElec    .         Reflect  .   v - scarf {rC+}
rCorr    .         Harm     .   (gloves unavailable)
MR       .....                  (boots unavailable)
Stlth    ++........             (no amulet)
Regen    0.2/turn               w - ring of protection from fire
MPRegen  0.2/turn               (no ring)

@: no status effects
A: unfitting armour, tough skin 1
a: no special abilities


You were on level 4 of the Dungeon.
You were not hungry.

You visited 2 branches of the dungeon, and saw 5 of its levels.

You collected 101 gold pieces.

Inventory:

Hand Weapons
 a - a +2 dagger of venom (weapon)
 b - a +0 dagger of freezing
 e - a +0 dagger
Missiles
 q - 34 sling bullets
Armour
 g - a +0 robe (worn)
 t - a +1 hat (worn)
 v - a scarf of cold resistance (worn)
Jewellery
 w - a ring of protection from fire (left hand)
Wands
 B - a wand of flame (25/48)
Scrolls
 c - a scroll of recharging {unknown}
 f - 3 scrolls of remove curse {@r2}
 i - 4 scrolls of identify {@r1}
 j - a scroll of fear {unknown}
 l - a scroll of enchant armour
 m - a scroll of enchant weapon {unknown}
 p - a scroll of teleportation {unknown}
 C - 2 scrolls of immolation {unknown}
Potions
 k - a potion of lignification {!q}
 n - a potion of cancellation {unknown}
 o - a potion of brilliance {unknown}
 r - a potion of haste {unknown}
 s - 3 potions of flight
 x - a potion of curing {unknown}
 A - a potion of resistance {unknown}
Books
 y - a book of Callings

   Spells                             Type                      Level
   a - Summon Small Mammal            Summoning                    1
   b - Call Imp                       Summoning                    2
   c - Call Canine Familiar           Summoning                    3
   d - Summon Guardian Golem          Hexes/Summoning              3
   e - Summon Lightning Spire         Summoning/Air                4
   f - Summon Ice Beast               Ice/Summoning                4
Comestibles
 d - 3 bread rations
 h - 6 fruits
 u - 6 chunks of flesh
 z - 2 meat rations


   Skills:
 - Level 1.7 Dodging
 - Level 1.4 Stealth
 + Level 5.4 Unarmed Combat
 - Level 2.4 Spellcasting
 - Level 3.6 Summonings


You had 3 spell levels left.
You knew the following spells:

 Your Spells              Type           Power        Failure   Level  Hunger
a - Summon Small Mammal   Summ           ##..         6%          1    #......
b - Call Imp              Summ           ##......     10%         2    ###....
c - Call Canine Familiar  Summ           ##......     14%         3    ###....


Dungeon Overview and Level Annotations

Branches:
Dungeon (4/15)             Temple (1/1) D:4

Altars:
Ashenzari
Dithmenos
Elyvilon
Fedhas
Hepliaklqana
Nemelex Xobeh
Qazlal
Ru
Trog
Vehumet
Xom
Yredelemnul
The Shining One


Innate Abilities, Weirdness & Mutations

You are too large for most types of armour.
You have tough skin. (AC +1)


Message History

You hit the hound skeleton.
The hound skeleton is heavily damaged.
The hound skeleton bites you but does no damage.
You hit the hound skeleton.
The hound skeleton is almost destroyed.
The hound skeleton bites you.
You hit the hound skeleton.
The hound skeleton is almost destroyed.
The hound skeleton bites you.
You hit the hound skeleton.
You destroy the hound skeleton!
No target in view!
Found 12 poisoned needles.
Found a scroll labeled NIHOSEGYXT.
C - 2 scrolls labeled NIHOSEGYXT (gained 1)
You open the door.
There is an open door here.
You open the door.
There is an open door here.
Are you sure you want to abandon this character and quit the game? (Confirm with "yes".)

######### #.......# #.......#
#.......# +.......+ #.......#
#@# #.###### ###'#....# #.
#.....(.##.......... ##..
#................... #....
#......###.......... #....
####.......##.......... #....
#......................
#....##.....##.#.#.#.#.#.....


There were no monsters in sight!

Vanquished Creatures
  An ogre (D:4)
  A howler monkey (D:3)
  A hound (D:4)
  A hound skeleton (D:4)
  2 adder skeletons
  2 leopard geckos
  An orc (D:3)
  2 giant cockroaches (D:2)
  8 goblins
  A hobgoblin (D:3)
  10 kobolds
  2 quokkas (D:4)
  4 bats
  A frilled lizard (D:4)
  4 rats
41 creatures vanquished.

Vanquished Creatures (collateral kills)
  A scorpion (D:4)
  2 hounds
  2 adders
  2 worms
  2 leopard geckos (D:1)
  A goblin (D:1)
  A hobgoblin (D:1)
  A kobold (D:1)
12 creatures vanquished.

Grand Total: 53 creatures vanquished

Notes
Turn   | Place    | Note
-------+----------+-------------------------------------------
     0 | D:1      | Leszczynek the Ogre Summoner began the quest for the Orb.
     0 | D:1      | Reached XP level 1. HP: 16/16 MP: 3/3
    85 | D:1      | Reached skill level 1 in Unarmed Combat
   162 | D:1      | Reached XP level 2. HP: 18/24 MP: 3/5
   216 | D:1      | Learned a level 2 spell: Call Imp
   500 | D:2      | Reached skill level 2 in Unarmed Combat
   586 | D:2      | Reached XP level 3. HP: 31/31 MP: 6/6
   786 | D:3      | Found a blossoming altar of Fedhas.
   949 | D:3      | Reached skill level 3 in Unarmed Combat
   949 | D:3      | Reached XP level 4. HP: 39/39 MP: 7/7
   993 | D:4      | Found a radiant altar of Vehumet.
  1019 | D:3      | Learned a level 3 spell: Call Canine Familiar
  1128 | D:3      | Found a shadowy altar of Dithmenos.
  1230 | D:2      | Reached skill level 4 in Unarmed Combat
  1271 | D:3      | Reached XP level 5. HP: 42/45 MP: 8/8
  1365 | D:4      | Noticed an ogre
  1372 | D:4      | Killed an ogre
  1382 | D:4      | Found a shattered altar of Ashenzari.
  1414 | D:4      | Found a staircase to the Ecumenical Temple.
  1429 | D:4      | Reached skill level 5 in Unarmed Combat
  1448 | D:4      | Reached XP level 6. HP: 33/53 MP: 4/9
  1456 | Temple   | Entered the Ecumenical Temple
  1496 | Temple   | :/
  1496 | Temple   | and this is the biggest bullshit
  1496 | Temple   | i already invested in UC, but there's no chei
  1579 | D:4      | Quit the game

Vault maps used:
D:1:      minmay_arrival_radiant_lines
D:2:      serial_glass, glass_columns_a, glass_columns_b, due_unseen_surprise,
          minmay_tetromino_i2
D:3:      nicolae_overflow_crystal_walls, marbit_many_paths,
          grunt_dithmenos_smoke_and_mirrors, grunt_gozag_breadcrumbs
D:4:      vehumet_altar_wand_db, amethyst_overflow_temple_binary,
          minmay_temple_entry_glass, serial_shops, shop, first_bread,
          evilmike_ruin_ashenzari
Temple:   jpeg_temple_alley_garden

Skill      XL: |  1  2  3  4  5 |
---------------+----------------+-----
Unarmed Combat | 1 2 3 4 5 |  5.4
Dodging        | |  1.7
Stealth        | |  1.4
Spellcasting   | |  2.4
Summonings     | |  3.6

Action                   |  1- 3 |  4- 6 || total
-------------------------+-------+-------++-------
Melee: Dagger            |    48 |    72 ||   120
       Unarmed           |     6 |       ||     6
 Cast: Summon Small Mamm |    11 |       ||    11
       Call Imp          |     2 |     6 ||     8
       Call Canine Famil |       |     3 ||     3
  Use: Scroll            |     3 |     1 ||     4
 Stab: Distracted        |     1 |       ||     1
       Sleeping          |     1 |       ||     1
  Eat: Chunk             |       |     3 ||     3
Armor: Robe              |    10 |    13 ||    23
Dodge: Dodged            |    32 |    31 ||    63
